 Dungeon Crawl Stone Soup version 0.21-a0-421-gfc1ce30 (webtiles) character file.

2025 slep the Covered (level 9, -21/75 HPs)
             Began as a Minotaur Fighter on Nov 5, 2017.
             Demolished by a dream sheep (34 damage)
             ... on level 8 of the Dungeon.
             The game lasted 00:32:04 (5296 turns).

slep the Covered (Minotaur Fighter)                 Turns: 5296, Time: 00:32:04

Health: -21/75     AC: 13    Str: 26    XL:     9   Next: 3%
Magic:  8/8        EV: 10    Int:  4    God:
Gold:   374        SH:  0    Dex: 11    Spells: 8/8 levels left

rFire    + . .     SeeInvis .   L - -2 falchion (curse)
rCold    . . .     Gourm    .   c - +0 shield
rNeg     . . .     Faith    .   b - +0 scale mail
rPois    .         Spirit   .   (helmet restricted)
rElec    +         Reflect  .   K - +0 cloak
rCorr    .         Harm     +   (no gloves)
MR       +....     Rnd*Tele +   (no boots)
Stlth    ..........             q - amulet of harm
HPRegen  0.22/turn              G - +2 ring of protection
MPRegen  0.11/turn              M - ring of Viotag {+Blink rElec rF+ Str+4 Int-2}

@: sleeping, flying
A: retaliatory headbutt, hooves 1, horns 2, icy blue scales 1, magic resistance
1, teleportitis 1
a: Evoke Blink


You were on level 8 of the Dungeon.
You were not hungry.

You visited 1 branch of the dungeon, and saw 8 of its levels.

You collected 374 gold pieces.

Inventory:

Hand Weapons
 a - a +0 long sword
 k - a +0 dagger of venom
 p - a +0 whip of pain
 I - a +0 shortbow
 J - a +1 dagger of holy wrath
 L - a cursed -2 falchion (weapon)
 Q - a +2 falchion of flaming
Missiles
 i - 4 steel javelins
 l - 30 sling bullets
 u - 9 tomahawks (quivered)
 E - 51 bolts
 F - 54 arrows
Armour
 b - a +0 scale mail (worn)
 c - a +0 shield (worn)
 w - a scarf of spirit shield
 K - a +0 cloak (worn)
Jewellery
 q - an amulet of harm (around neck)
 G - a +2 ring of protection (left hand)
 M - the ring of Viotag (right hand) {+Blink rElec rF+ Str+4 Int-2}
   (You found it on level 6 of the Dungeon)

   [ring of protection from fire]

   It affects your strength (+4).
   It affects your intelligence (-2).
   It protects you from fire.
   It insulates you from electricity.
   It lets you blink.
Wands
 h - a wand of clouds (5/9)
 O - a wand of lightning (9/15)
Scrolls
 e - 7 scrolls of remove curse {unknown}
 g - 5 scrolls of identify {unknown}
 n - 2 scrolls of enchant armour {unknown}
 t - 2 scrolls of teleportation {unknown}
 v - 2 scrolls of fear {unknown}
 x - a scroll of random uselessness {unknown}
 y - 4 scrolls of blinking {unknown}
 z - 2 scrolls of amnesia {unknown}
 A - a scroll of recharging {unknown}
 D - a scroll of noise {unknown}
 N - a scroll of fog {unknown}
 P - a scroll of brand weapon {unknown}
Potions
 d - 2 potions of might
 j - 3 potions of curing
 o - a potion of degeneration
 s - 2 potions of agility
Comestibles
 f - 7 bread rations
 m - a meat ration
 r - a fruit
 B - 6 chunks of flesh
 C - 4 royal jellies


   Skills:
 + Level 6.2 Fighting
 + Level 4.5 Long Blades
 + Level 6.0 Maces & Flails
 + Level 0.8 Throwing
 + Level 7.9 Armour
 + Level 3.6 Dodging
 + Level 1.3 Stealth
 + Level 7.7 Shields


You had 8 spell levels left.
You didn't know any spells.

Dungeon Overview and Level Annotations

Branches:
Dungeon (8/15)
 Temple: D:4-7         Lair: D:8-11

Altars:
Uskayaw
Vehumet

Shops:
D:8 =(:


Innate Abilities, Weirdness & Mutations

You reflexively headbutt those who attack you in melee.
You have a pair of horns on your head.
You have large cloven feet.
You are partially covered in icy blue scales. (AC +2)
You are resistant to hostile enchantments. (MR+)
You are occasionally teleported next to monsters.


Message History

The yak is almost dead.
You block the yak's attack.
The dream sheep bites you but does no damage.
The yak gores you but does no damage. The yak gores you.
* * * LOW HITPOINT WARNING * * *
The dream sheep shake their wool and sparkle.
You feel drowsy...
You fall asleep.
The dream sheep barely misses you. The dream sheep bites you!
You wake up.
* * * LOW HITPOINT WARNING * * *
The dream sheep closely misses you. You furiously retaliate!
You headbutt the dream sheep!!
You feel better. You block the dream sheep's attack. The dream sheep bites you.
* * * LOW HITPOINT WARNING * * *
The dream sheep ruffle their wool and motes of dream dust sparkle, to no effect.
The dream sheep shake their wool and sparkle.
You feel drowsy...
You fall asleep.
The dream sheep barely misses you. x2
The dream sheep bites you!!
You die...

####.###...##.....###.#..###
.....# #.#.###...##...#..#
###### #.#.# ##.## #....# #
###.#.## #.# ##...# #.
.....##...# #...# . ....
#.#.##.########...######..
...##<........Y.............#
.......#.#.##...Y......⌠.⌠...##
.....#..###.#..@YY.K....∩.....#
.........#..#..######..⌠.⌠####..
######.#..#.#..# #...### .
###.#......... #Y..# ##
#..^....###### #.Y.# .#
#.#..#..# #...# .####.#.#...#
#K### ............# #PP≈.≈.≈.#
.####.####..# #P≈......#


You could see 2 yaks, a big kobold and 2 dream sheep.

Vanquished Creatures
  A phantom (D:4)
  2 ogres
  2 centaurs
  A big kobold (D:8)
  2 bullfrogs (D:7)
  A water moccasin zombie (D:7)
  3 scorpions
  5 electric eels (D:7)
  A crimson imp (D:6)
  A centaur zombie (D:5)
  A bullfrog zombie (D:5)
  3 hounds
  8 orc priests
  4 orc wizards
  An iguana (D:7)
  Natasha (thrice) (D:2)
  7 worker ants
  A hound skeleton (D:7)
  8 adders
  3 oozes (D:1)
  A worm (D:3)
  6 dart slugs
  2 leopard geckos
  28 orcs
  3 giant cockroaches
  13 goblins
  3 hobgoblins
  3 jackals (D:1)
  4 quokkas
  9 bats
  5 frilled lizards
  6 kobolds
  6 rats
  A plant (D:7)
148 creatures vanquished.

Vanquished Creatures (others)
  A plant (D:7)
1 creature vanquished.

Grand Total: 149 creatures vanquished

Notes
Turn   | Place    | Note
-------+----------+-------------------------------------------
     0 | D:1      | slep the Minotaur Fighter began the quest for the Orb.
     0 | D:1      | Reached XP level 1. HP: 19/19 MP: 0/0
    81 | D:1      | Reached XP level 2. HP: 23/27 MP: 1/1
   281 | D:1      | Reached XP level 3. HP: 31/33 MP: 2/2
   651 | D:2      | Reached XP level 4. HP: 24/40 MP: 3/3
   667 | D:2      | Noticed Natasha
   678 | D:2      | Killed Natasha
   719 | D:2      | Noticed Natasha
   732 | D:2      | Killed Natasha
   732 | D:2      | Reached skill level 1 in Maces & Flails
   732 | D:2      | Reached skill level 1 in Dodging
   732 | D:2      | Reached XP level 5. HP: 22/46 MP: 4/4
   766 | D:2      | Noticed Natasha
   773 | D:2      | Killed Natasha
  1150 | D:3      | Reached skill level 5 in Armour
  1800 | D:3      | You fall through a shaft!
  1819 | D:4      | Reached skill level 5 in Shields
  1819 | D:4      | Reached XP level 6. HP: 48/53 MP: 5/5
  2202 | D:4      | Reached XP level 7. HP: 40/60 MP: 3/6
  2271 | D:5      | Entered Level 5 of the Dungeon
  2342 | D:5      | Reached skill level 1 in Stealth
  2373 | D:5      | Found a radiant altar of Vehumet.
  2462 | D:5      | Reached skill level 5 in Fighting
  2729 | D:5      | Reached skill level 5 in Maces & Flails
  3091 | D:6      | Reached XP level 8. HP: 55/69 MP: 7/7
  3119 | D:6      | Got a brightly glowing iron ring
  3181 | D:6      | HP: 3/69 [centaur (8)]
  3184 | D:6      | Gained mutation: You expend magic power (3 MP) to strengthen your wands. [potion of mutation]
  3184 | D:6      | Gained mutation: Your spells are a little harder to cast, but a little more powerful. [potion of mutation]
  3185 | D:6      | Lost mutation: You expend magic power (3 MP) to strengthen your wands. [potion of mutation]
  3185 | D:6      | Gained mutation: You are occasionally teleported next to monsters. [potion of mutation]
  3185 | D:6      | Gained mutation: You are robust. (+10% HP) [potion of mutation]
  3186 | D:6      | Lost mutation: You are robust. (+10% HP) [potion of mutation]
  3186 | D:6      | Gained mutation: You have large cloven feet. [potion of mutation]
  3186 | D:6      | Gained mutation: You are partially covered in icy blue scales. (AC +2) [potion of mutation]
  3186 | D:6      | Lost mutation: Your spells are a little harder to cast, but a little more powerful. [potion of mutation]
  3186 | D:6      | Gained mutation: You are resistant to hostile enchantments. (MR+) [potion of mutation]
  3226 | D:6      | You fall through a shaft!
  3644 | D:7      | Lost intelligence.
  3644 | D:7      | Identified the ring of Viotag {+Blink rElec rF+ Str+4 Int-2} (You found it on level 6 of the Dungeon)
  5101 | D:8      | Found Goavoeh's Jewellery Boutique.
  5113 | D:8      | Found a hide-covered altar of Uskayaw.
  5193 | D:8      | Found Tan Guan's Book Boutique.
  5234 | D:8      | Found Zeafog's Weapon Emporium.
  5255 | D:8      | Reached XP level 9. HP: 56/75 MP: 8/8
  5282 | D:8      | HP: 1/75 [dream sheep (8)]
  5296 | D:8      | Demolished by a dream sheep

Vault maps used:
D:1:      dpeg_arrival_short_road, hex_tiny
D:2:      minmay_pentomino_q2, uniq_natasha
D:3:      first_bread
D:5:      basic_altar, st_stairs_1
D:6:      minmay_temple_entry_glassed_door
D:7:      serial_bayou_lake_a
D:8:      lemuel_round_altar, lair_entry_dummy, serial_shops, shop_fountains,
          shop_fountains, nicolae_shop_statue_plus, shop_fountains,
          hangedman_ranch, lemuel_tele_altar

Skill      XL: |  1  2  3  4  5  6  7  8 |
---------------+-------------------------+-----
Armour         | 4 5 6 7 |  7.9
Shields        | 4 5 6 7 |  7.7
Fighting       | 4 5 6 |  6.2
Long Blades    | 3 4 |  4.5
Maces & Flails | 1 2 4 5 6 |  6.0
Dodging        | 1 2 3 |  3.6
Stealth        | 1 |  1.3
Throwing       | |  0.8

Action                   |  1- 3 |  4- 6 |  7- 9 || total
-------------------------+-------+-------+-------++-------
Melee: Long sword        |    47 |       |       ||    47
       Headbutt          |    22 |    34 |    60 ||   116
       Whip              |    46 |   186 |    64 ||   296
       Falchion          |       |       |   203 ||   203
       Kick              |       |       |    53 ||    53
Throw: Tomahawk          |     7 |       |     2 ||     9
  Use: Potion            |       |     1 |    11 ||    12
  Eat: Chunk             |       |     5 |     9 ||    14
       Fruit             |       |       |     1 ||     1
Armor: Scale mail        |    47 |    48 |    94 ||   189
Dodge: Dodged            |    29 |    40 |    84 ||   153
Block: Shield            |    64 |    77 |   118 ||   259
       Rpst.: Long sword |     6 |       |       ||     6
       Falchion          |       |       |    17 ||    17

Table legend:
 A = Spawn XP
 B = Non-spawn XP
 C = Spawn XP percentage of total XP
 D = Spawn monster count
 E = Non-spawn monster count
 F = Spawn count percentage of total count
 G = Total turns spent on level
                    A         B        C        D         E        F      G
               +---------+---------+-------+---------+---------+-------+---------
         Total |       0 |    2893 |   0.0 |       0 |     147 |   0.0 |  5296
               +---------+---------+-------+---------+---------+-------+---------
           D:1 |       0 |      54 |   0.0 |       0 |      24 |   0.0 |   513
           D:2 |       0 |     210 |   0.0 |       0 |      24 |   0.0 |   601
           D:3 |       0 |      87 |   0.0 |       0 |      24 |   0.0 |   686
           D:4 |       0 |     390 |   0.0 |       0 |      14 |   0.0 |   471
           D:5 |       0 |     453 |   0.0 |       0 |      13 |   0.0 |   739
           D:6 |       0 |     464 |   0.0 |       0 |      15 |   0.0 |   216
           D:7 |       0 |     961 |   0.0 |       0 |      25 |   0.0 |  1797
           D:8 |       0 |     274 |   0.0 |       0 |       8 |   0.0 |   273
               +---------+---------+-------+---------+---------+-------+---------
